cohdb
Replays
Latest Replays
All Replays
Popular Replays
Top Player Replays
Match Explorer
How It Works
Community
CoH3 Stats
Reddit
Sign in to upload your games and track your stats! →
Sign in with Steam
Match 44353099
Unlisted
Match 44353099
Overview
Messages
Build Orders
End
Kradschützen Motorcycle Team
Selects Italian Combined Arms Battlegroup
Selects Bersaglieri Squad
Bersaglieri Squad
Bersaglieri Squad
Construct Light Support Kompanie
Assault Grenadier Squad
Selects Bersaglieri Bolster
Construct Mechanized Kompanie
Panzerjäger Mechanized Group
8 Rad Armored Car
Bersaglieri Squad
Selects Breda Model 30 Light Machine Guns
2.5-tonne Medical Truck
Selects Semovente da 75/18 Assault Gun
Zyxuan
robwarrior
0
0
Comments
sign in to comment!
No comments posted yet!